cohdb
Replays
Latest Replays
All Replays
Popular Replays
Top Player Replays
Match Explorer
How It Works
Community
CoH3 Stats
Reddit
Sign in to upload your games and track your stats! →
Sign in with Steam
Match 41278205
Unlisted
Match 41278205
Overview
Messages
Build Orders
End
Panzerpioneer Squad
Kradschützen Motorcycle Team
Selects Italian Infantry
Panzerpioneer Squad
250 Light Carrier
Construct Light Support Kompanie
Panzerjäger Squad
Fire Support Elements
Combat Half-tracks
le.IG 18 Mechanized Group
Pak 38 Anti-tank Gun Team
Selects Guastatori Squad
2.5-tonne Medical Truck
Guastatori Squad
Construct Panzerarmee Kommand
Selects Defensive Operations
le.IG 18 Mechanized Group
Selects Prepared Positions
Armored Reserves
Tiger Heavy Tank
Selects Obice 305mm Barrage
Obice 305mm Barrage
Flak 36 Anti-tank Gun Team
Emergency Repair Kits
Obice 305mm Barrage
Selects Registered Artillery
Selects Towed Cannone da 105/28 Field Howitzer
Panzer IV Assault Group
Registered Artillery
Tungsten Core Ammunition
Vehicle Survival Package
Tiger Heavy Tank
Registered Artillery
UH|dun! ツ
a.foxrobinson
Gicerois
The Major General
-=DuaneDibbly=-
KirelCD
0
0
Comments
sign in to comment!
No comments posted yet!